 Dungeon Crawl Stone Soup version 0.14.0-6-g1bc2dff (webtiles) character file.

797 Kejsarherre the Chopper (level 7, -2/66 HPs)
             Began as a Minotaur Chaos Knight on Apr 12, 2014.
             Was a Plaything of Xom.
             Slain by a decayed bog body (8 damage)
             ... in an ossuary.
             The game lasted 00:10:39 (2957 turns).

Kejsarherre the Chopper (Minotaur Chaos Knight)     Turns: 2957, Time: 00:10:42

HP  -2/66        AC  7     Str 19      XL: 7   Next: 20%
MP   3/3         EV 10     Int  9      God: Xom
Gold 183         SH  0     Dex  9      Spells:  0 memorised,  6 levels left

rFire  . . .     SeeInvis .     a - +0,+1 hand axe (chaos)
rCold  . . .     Clarity  .     o - +0 ring mail (curse)
rNeg   . . .     Conserve .     (no shield)
rPois  .         rCorr    +     (helmet restricted)
rElec  .         rRot     .     (no cloak)
SustAb + .       Spirit   .     (no gloves)
rMut   .         Warding  .     p - +1 pair of boots
Saprov . . .     Rnd*Tele +     m - amulet of resist corrosion
MR     .....                    t - ring of sustain abilities {unknown}
                                r - cursed ring of teleportation

@: not resistant to hostile enchantments, unstealthy
A: retaliatory headbutt, horns 2, camouflage 1
a: Renounce Religion, Evoke Teleportation


You were in an ossuary.
You worshipped Xom.
You were a favourite toy of Xom.
You were hungry.

You visited 1 branch of the dungeon, and saw 5 of its levels.
You also visited: Ossuary.

You collected 183 gold pieces.

Inventory:

Hand weapons
 a - a +0,+1 hand axe of chaos (weapon)
Armour
 n - a +0 pair of boots
 o - a cursed +0 ring mail (worn)
 p - a +1 pair of boots (worn)
Magical devices
 q - a wand of polymorph (6) {unknown}
Comestibles
 c - 4 bread rations
 g - a pear
 h - an apple
 j - 3 chokos
 k - a lychee
Scrolls
 b - a scroll of recharging
 f - 3 scrolls of amnesia
 l - a scroll of magic mapping
Jewellery
 e - an uncursed amulet of inaccuracy
 m - an amulet of resist corrosion (around neck)
 r - a cursed ring of teleportation (left hand)
 t - a ring of sustain abilities (right hand) {unknown}
 w - an uncursed ring of wizardry
Potions
 d - a potion of invisibility {unknown}
 s - a potion of resistance
 v - a potion of restore abilities {unknown}


   Skills:
 + Level 7.2 Fighting
 + Level 7.8 Axes
 - Level 2.4 Armour
 - Level 1.1 Dodging


You had 6 spell levels left.
You didn't know any spells.

Dungeon Overview and Level Annotations

Branches:
Dungeon (5/15)
 Temple: D:4-7

Altars:
Nemelex Xobeh
Trog


Innate Abilities, Weirdness & Mutations

You reflexively headbutt those who attack you in melee.
You have a pair of horns on your head.
Your skin changes colour to match your surroundings (Stlth).


Message History

Your sky beast zombie hits the hobgoblin zombie.
The hobgoblin zombie hits you but does no damage.
The worm zombie bites you.
* * * LOW HITPOINT WARNING * * *
There is an open door here.
Read which item? (? for menu, Esc to quit)
Okay, then.
Drink which item? (? for menu, Esc to quit)
You feel much better. The decayed bog body barely misses you.
The decayed bog body closely misses you.
Your sky beast zombie hits the hobgoblin zombie.
The hobgoblin zombie is destroyed!
The mummy hits you. The decayed bog body hits you!
* * * LOW HITPOINT WARNING * * *
The decayed bog body touches you.
* * * LOW HITPOINT WARNING * * *
The decayed bog body freezes you!
You die...
Xom snickers!

#.'..n.Z.≈≈.≈z≈≈+
###.#####≈#####≈# +M#
#.# #≈≈ #.+ #≈# +.#
## +.# #.# #.' ≈##
###.### #≈# #z##≈≈#
#.Mz'.# '.' +Z+P≈#
###.#####.# #n#zn#≈≈#
'.#..∩#.# #@'.≈≈#
##M'.∩.#M#...ZM##≈#≈#
'.#...# #...#.' ≈≈
#.##### #####≈#≈ #≈#
'.M ..'.# # #M# #+# #
#.#


You could see 2 decayed bog bodies, a mummy, a giant gecko zombie, a worm
zombie, an ogre zombie and a friendly sky beast zombie.

Vanquished Creatures
  A water moccasin (D:5)
  A deep dwarf (D:4)
  An ogre (D:5)
  Sigmund (D:4)
  4 worker ants (D:4)
  An orc wizard (D:5)
  Jessica (D:3)
  A mummy (D:5)
  2 adders (D:5)
  An orc priest (D:3)
  2 shadow imps (D:5)
  A worm (D:4)
  4 giant geckos
  An ooze (D:4)
  6 orcs
  5 bats
  2 giant cockroaches
  10 goblins
  11 hobgoblins
  8 kobolds
  3 giant newts
  A hobgoblin zombie (D:5)
  4 jackals
  9 rats
81 creatures vanquished.

Vanquished Creatures (collateral kills)
  A hobgoblin zombie (Ossuary)
  A rat (D:4)
2 creatures vanquished.

Vanquished Creatures (others)
  2 plants (Ossuary)
2 creatures vanquished.

Grand Total: 85 creatures vanquished

Notes
Turn   | Place    | Note
--------------------------------------------------------------
     0 | D:1      | Kejsarherre, the Minotaur Chaos Knight, began the quest for the Orb.
     0 | D:1      | Reached XP level 1. HP: 19/19 MP: 1/1
     6 | D:1      | Noticed a lindwurm
     6 | D:1      | Noticed a grizzly bear
     6 | D:1      | Noticed a komodo dragon
     6 | D:1      | Noticed a black mamba
   264 | D:1      | Reached skill level 4 in Axes
   264 | D:1      | Reached XP level 2. HP: 27/27 MP: 1/1
   361 | D:1      | XOM: harmless Necr miscast
   566 | D:2      | XOM: harmless Pois miscast
   677 | D:2      | Reached XP level 3. HP: 34/34 MP: 2/2
  1036 | D:3      | Found a sparkling altar of Nemelex Xobeh.
  1036 | D:3      | Found a bloodstained altar of Trog.
  1339 | D:3      | XOM is BORED!
  1339 | D:3      | XOM: medium Summ miscast
  1340 | D:3      | Noticed a red devil
  1453 | D:3      | XOM: mild Necr miscast
  1455 | D:3      | Gained mutation: Your skin changes colour to match your surroundings (Stlth). [potion of beneficial mutation]
  1581 | D:3      | Noticed Jessica
  1589 | D:3      | Killed Jessica
  1589 | D:3      | Reached skill level 5 in Fighting
  1589 | D:3      | Reached XP level 4. HP: 35/42 MP: 2/2
  1784 | D:4      | Reached skill level 5 in Axes
  1857 | D:4      | Noticed Sigmund
  1870 | D:4      | Killed Sigmund
  1870 | D:4      | Reached XP level 5. HP: 23/50 MP: 2/2
  2027 | D:4      | Noticed a deep dwarf
  2027 | D:4      | a worm changed into a deep dwarf
  2027 | D:4      | XOM: polymorph worm -> deep dwarf
  2042 | D:4      | XOM: confuse monster(s)
  2052 | D:4      | XOM: summons friendly ufetubus
  2053 | D:4      | XOM: confuse monster(s)
  2063 | D:4      | Killed a deep dwarf
  2063 | D:4      | Reached skill level 6 in Fighting
  2063 | D:4      | Reached XP level 6. HP: 25/57 MP: 3/3
  2333 | D:4      | Found a sparkling altar of Nemelex Xobeh.
  2638 | D:5      | Entered Level 5 of the Dungeon
  2653 | D:5      | Noticed a water moccasin
  2659 | D:5      | XOM: blink monster(s)
  2670 | D:5      | Killed a water moccasin
  2670 | D:5      | Reached skill level 7 in Axes
  2739 | D:5      | XOM: vitrification
  2762 | D:5      | Reached XP level 7. HP: 14/66 MP: 3/3
  2880 | D:5      | Found a sand-covered staircase.
  2895 | Ossuary  | Entered an ossuary
  2913 | Ossuary  | XOM: medium Trmt miscast
  2941 | Ossuary  | XOM: medium Trmt miscast
  2955 | Ossuary  | XOM: enchant monster (good)
  2957 | Ossuary  | Slain by a decayed bog body

Action                   |  1- 3 |  4- 6 |  7- 9 || total
-------------------------+-------+-------+-------++-------
Melee: Hand axe          |    96 |   109 |    23 ||   228
  Use: Potion            |     3 |     1 |     2 ||     6
       Scroll            |       |     6 |     1 ||     7
 Stab: Paralysed         |       |     6 |       ||     6
